 Dungeon Crawl Stone Soup version 0.31-a0-1005-gfbdfbacc72 (webtiles) character file.

Game seed: 8681452697155261619

19942 BinkBink the Eclecticist (level 13, -1/75 HPs)
             Began as a Djinni Fire Elementalist on Nov 11, 2023.
             Was an Initiate of Gozag.
             Slain by an eight-headed hydra (9 damage)
             ... on level 2 of the Lair of Beasts.
             The game lasted 00:43:15 (14021 turns).

BinkBink the Eclecticist (DjFE)                    Turns: 14021, Time: 00:43:17

Health: -1/75      AC:  7    Str:  7    XL:     13   Next: 8%
Gold:   1930       EV: 12    Int: 21    God:    Gozag SH:  0 Dex: 15

rFire   + + +        (no weapon)
rCold   x . .        (no shield)
rNeg    . . .        x - +0 robe "Kyfok" {Will+ Regen+}
rPois   ∞            N - +1 hat {Will+}
rElec   .            M - +1 cloak
rCorr   .            C - +1 pair of gloves {hurl}
SInv    .            (boots unavailable)
Will    +++..        A - amulet of the acrobat
Stlth   ++           K - ring of protection from fire
HPRegen 1.12/turn    (no ring)
MPRegen 0.00/turn

%: acrobat, infuse magic (-2 HP)
@: flying
A: sickness immunity, fire resistance 2, cold vulnerability 1, float, innate
caster, HP casting, extra vitality 1
a: Renounce Religion, Potion Petition, Call Merchant, Bribe Branch


You were on level 2 of the Lair of Beasts.
You worshipped Gozag.
Gozag was most pleased with you.
You visited 3 branches of the dungeon, and saw 14 of its levels.
You also visited: Bailey.

You collected 2587 gold pieces.
You spent 604 gold pieces at shops.
You paid 53 gold pieces to Gozag.

Inventory:

Armour
 x - the +0 robe "Kyfok" (worn) {Will+ Regen+}
   (You bought it in a shop on level 10 of the Dungeon)

   Will+:     It increases your willpower.
   Regen+:    It increases your rate of health regeneration.
 C - a +1 pair of gloves of hurling (worn)
 E - +1 acid dragon scales
 L - the +1 robe "Gaqed" {Int+5 Stlth+}
   (You bought it in a shop on level 10 of the Dungeon)

   Int+5:     It affects your intelligence (+5).
   Stlth+:    It makes you more stealthy.
 M - a +1 cloak (worn)
 N - a +1 hat of willpower (worn)
Jewellery
 w - an amulet of regeneration
 y - a ring of ice
 A - an amulet of the acrobat (around neck)
 K - a ring of protection from fire (left hand)
Wands
 p - a wand of flame (31)
 D - a wand of acid (3)
 I - a wand of iceblast (4)
Scrolls
 a - 2 scrolls of blinking
 e - 3 scrolls of revelation
 h - 2 scrolls of immolation
 i - 3 scrolls of fog
 j - 4 scrolls of amnesia
 l - 3 scrolls of enchant weapon
 m - a scroll of enchant armour
 r - a scroll of brand weapon
 s - a scroll of fear
 v - 8 scrolls of teleportation
 F - 4 scrolls of vulnerability
 G - 2 scrolls of noise
Potions
 b - 2 potions of heal wounds
 c - 2 potions of might {unknown}
 d - 3 potions of attraction {unknown}
 f - 7 potions of curing {unknown}
 g - 5 potions of haste {unknown}
 k - a potion of berserk rage {unknown}
 o - 3 potions of resistance {unknown}
 q - 2 potions of lignification {unknown}
 t - 4 potions of mutation {unknown}
 u - 3 potions of enlightenment {unknown}
 z - a potion of magic {unknown}
 B - 3 potions of invisibility {unknown}
 H - a potion of cancellation {unknown}
 J - a potion of ambrosia {unknown}


   Skills:
 - Level 2.1 Dodging
 - Level 1.5 Stealth
 + Level 15.6 Spellcasting
 + Level 15.6 Conjurations
 + Level 15.6 Hexes
 + Level 15.6 Summonings
 + Level 15.6 Necromancy
 + Level 15.6 Translocations
 + Level 15.6 Transmutations
 + Level 15.6 Fire Magic
 + Level 15.6 Ice Magic
 + Level 15.6 Air Magic
 + Level 15.6 Earth Magic
 + Level 15.6 Poison Magic


You knew the following spells:

 Your Spells              Type           Power      Damage    Failure   Level
a - Foxfire               Conj/Fire      100%       2x1d9     0%          1
b - Scorch                Fire           100%       2d9       0%          2
c - Volatile Blastmotes   Fire/Tloc      100%       2d18      1%          3
d - Inner Flame           Hex/Fire       70%        N/A       1%          3
e - Flame Wave            Conj/Fire      70%        2d16      1%          4
f - Slow                  Hex            100%       N/A       0%          1
g - Lesser Beckoning      Tloc           100%       N/A       0%          2
h - Call Canine Familiar  Summ           70%        N/A       1%          3
i - Teleport Other        Tloc           70%        N/A       1%          3
j - Dispel Undead         Necr           70%        3d24      1%          4
k - Yara's Violent Unrav  Hex/Tmut       35%        3d14      1%          5
Your spell library was empty.

Dungeon Overview and Level Annotations

Branches:
Dungeon (11/15)            Temple (1/1) D:6            Lair (2/5) D:8
 Bailey (visited)
  Swamp: Lair:2-3    Shoals: Lair:2-3     Snake: Lair:2-3    Spider: Lair:2-3
    Orc: D:9-12

Altars:
Ashenzari
Cheibriados
Dithmenos
Elyvilon
Fedhas
Gozag
Hepliaklqana
Makhleb
Nemelex Xobeh
Okawaru
Qazlal
Ru
Trog
Uskayaw
Wu Jian
Xom
Yredelemnul
Zin
The Shining One

Shops:
D:1 :   D:6 [   D:8 *   D:10 =[(=

Annotations:
D:11 Grum


Innate Abilities, Weirdness & Mutations

You are immune to sickness and miasma.
You are immune to poison.
Your flesh is very heat resistant. (rF++)
You are vulnerable to cold. (rC-)
You float through the air rather than walking.
You learn spells naturally, not from books.
Your magical power is your life essence.
You have superior vitality. (+4 MHP)


Message History

The basilisk hisses angrily.
The basilisk gazes at you. You resist with almost no effort.
The basilisk gazes at you. You resist with almost no effort.
The dream sheep bleats!
You hear the brisk rumble of a distant avalanche of rocks.
An electric eel comes into view.
The electric eel moves out of view.
Casting: Flame Wave (safe; 1% risk of failure)
Confirm with . or Enter, or press ? or * to list all spells.
Okay, then.
Casting: Flame Wave (safe; 1% risk of failure)
Confirm with . or Enter, or press ? or * to list all spells.
Flames lash the eight-headed hydra.
The eight-headed hydra is lightly wounded.
The eight-headed hydra's fire resistance burns away.
The eight-headed hydra bites you!
The eight-headed hydra bites you but does no damage.
The eight-headed hydra closely misses you. x2
The eight-headed hydra barely misses you.
The eight-headed hydra bites you.
The eight-headed hydra bites you but does no damage.
The eight-headed hydra closely misses you.
Casting: Scorch (safe; 0% risk of failure)
Confirm with . or Enter, or press ? or * to list all spells.
Casting: Flame Wave (safe; 1% risk of failure)
Press: ? - help, Dir - look around, f - activate A wave of flame ripples out!
The flame wave engulfs the eight-headed hydra!!
The eight-headed hydra is burned terribly!
The eight-headed hydra is heavily wounded. (Press . to intensify the flame waves.)
* * * LOW HITPOINT WARNING * * *
The electric eel shoots out a bolt of lightning at you!
The bolt of electricity hits you!
* * * LOW HITPOINT WARNING * * *
The eight-headed hydra bites you!
You die...
Your body crumbles into a pile of gold.

# # ## ##. P# #...
## #..P. .# #..~ ##
### #..♣ #####
##.####..~♣
....#######...YD@.♣
..>...##....###.#.♣
............#
###~~~
.........Y.##
##~♣~~♣
............#
P#~~~~~~
........)..##
~~~~P~~S~
......l....###~~~
~≈≈~~
.............#.♣
~≈≈≈≈
...............♣


You could see an eight-headed hydra (combustible), a dream sheep and an electric
eel.

Vanquished Creatures
  Gastronok (Lair:1)
  2 elephants (Lair:2)
  A gargoyle (Bailey)
  3 cane toads (Lair:1)
  A torpor snail (Lair:2)
  4 komodo dragons
  2 kobold demonologists (D:10)
  A polar bear (Lair:1)
  Grinder (D:3)
  2 hornets
  3 blink frogs (Lair:1)
  A dream sheep (Lair:2)
  2 vampires
  A wraith (D:10)
  2 wyverns
  A basilisk (Lair:2)
  2 steam dragons (D:8)
  21 yaks
  6 water moccasins
  Duvessa (D:4)
  An orc warrior (D:10)
  A sky beast (D:6)
  An ice beast (D:5)
  A centaur (D:9)
  5 wolves
  3 phantoms
  An ogre (D:5)
  A spectral water moccasin (Lair:2)
  3 kobold brigands
  A scorpion (D:6)
  8 bullfrogs
  2 wights (D:8)
  Dowan (D:4)
  13 killer bees
  4 vampire bats (Bailey)
  6 wolf zombies (Bailey)
  A howler monkey (D:7)
  A jelly (D:5)
  6 orc priests
  3 hounds
  A sleepcap (D:6)
  An iguana (D:4)
  Natasha (D:2)
  4 orc wizards
  Robin (D:3)
  5 adders
  A shadow imp (D:7)
  2 white imps
  2 ufetubi (D:7)
  A worm (D:3)
  2 dart slugs
  17 orcs
  4 ball pythons
  2 bats (D:2)
  8 endoplasms
  4 giant cockroaches
  15 goblins
  10 hobgoblins
  11 kobolds
  5 quokkas
  A frilled lizard (D:1)
  15 orc zombies (Bailey)
  7 rats
241 creatures vanquished.

Vanquished Creatures (collateral kills)
  An elephant (Lair:2)
  Maggie (D:7)
  A rime drake (Lair:2)
  A komodo dragon (Lair:2)
  2 blink frogs (Lair:1)
  A wyvern (Lair:1)
  12 yaks
  Eustachio (D:4)
  A basilisk (Lair:1)
  A naga (Lair:2)
  2 water moccasins
  An ice beast (D:6)
  An orc warrior (D:10)
  3 wolves (Lair:1)
  2 bullfrogs
  A wight (D:8)
  7 killer bees
  A wolf zombie (Bailey)
  2 vampire bats (Bailey)
  A hound (D:5)
  2 orc priests
  An iguana (D:7)
  2 orc wizards
  An adder (D:6)
  11 orcs
  A ball python (D:4)
  A hobgoblin (D:4)
  2 goblins
  6 orc zombies (Bailey)
  A foxfire (Lair:1)
71 creatures vanquished.

Vanquished Creatures (others)
  863 foxfires
863 creatures vanquished.

Grand Total: 1175 creatures vanquished

Notes
Turn   | Place    | Note
-------+----------+-------------------------------------------
     0 | D:1      | BinkBink the Djinni Fire Elementalist began the quest for
                  | the Orb.
     0 | D:1      | BinkBink set off with the following spells memorised:
                  | Foxfire, Scorch, Volatile Blastmotes, Inner Flame, Flame
                  | Wave.
     0 | D:1      | Reached XP level 1. HP: 15/15 MP: 0/0
   121 | D:1      | Reached XP level 2. HP: 17/21 MP: 0/0
   386 | D:1      | Reached XP level 3. HP: 24/25 MP: 0/0
   386 | D:1      | Learned a level 1 spell: Slow
   633 | D:1      | Found Jujuxeab's Book Emporium.
   720 | D:2      | Noticed Natasha
   723 | D:2      | Killed Natasha
   724 | D:2      | Reached XP level 4. HP: 29/31 MP: 0/0
   968 | D:2      | Found a faded altar of an unknown god.
  1414 | D:3      | Noticed Robin
  1439 | D:3      | Killed Robin
  1440 | D:3      | Reached XP level 5. HP: 26/35 MP: 0/0
  1440 | D:3      | Learned a level 2 spell: Lesser Beckoning
  1904 | D:3      | Noticed Grinder
  1909 | D:3      | Killed Grinder
  1910 | D:3      | Reached skill level 5 in Spellcasting
  1910 | D:3      | Reached skill level 5 in Conjurations
  1910 | D:3      | Reached skill level 5 in Hexes
  1910 | D:3      | Reached skill level 5 in Summonings
  1910 | D:3      | Reached skill level 5 in Necromancy
  1910 | D:3      | Reached skill level 5 in Translocations
  1910 | D:3      | Reached skill level 5 in Transmutations
  1910 | D:3      | Reached skill level 5 in Fire Magic
  1910 | D:3      | Reached skill level 5 in Ice Magic
  1910 | D:3      | Reached skill level 5 in Air Magic
  1910 | D:3      | Reached skill level 5 in Earth Magic
  1910 | D:3      | Reached skill level 5 in Poison Magic
  1910 | D:3      | Reached XP level 6. HP: 33/40 MP: 0/0
  2011 | D:3      | Found an opulent altar of Gozag.
  2070 | D:3      | Became a worshipper of Gozag Ym Sagoz the Greedy
  2183 | D:4      | Reached XP level 7. HP: 44/45 MP: 0/0
  2183 | D:4      | Learned a level 3 spell: Call Canine Familiar
  2204 | D:4      | Noticed Eustachio
  2496 | D:4      | Noticed Dowan
  2497 | D:4      | Noticed Duvessa
  2517 | D:4      | Killed Dowan
  2528 | D:4      | Killed Duvessa
  2776 | D:4      | Found an ornate altar of the Wu Jian Council.
  2920 | D:4      | Killed Eustachio
  2921 | D:4      | Reached XP level 8. HP: 42/50 MP: 0/0
  3447 | D:5      | Entered Level 5 of the Dungeon
  3831 | D:5      | Reached XP level 9. HP: 50/55 MP: 0/0
  3831 | D:5      | Learned a level 3 spell: Teleport Other
  4745 | D:6      | Found a hazy altar of Hepliaklqana.
  4875 | D:6      | Found Mohuats's Armour Boutique.
  4942 | D:6      | Found a staircase to the Ecumenical Temple.
  5727 | Temple   | Entered the Ecumenical Temple
  5802 | D:7      | Noticed a hornet
  5809 | D:7      | Killed a hornet
  5870 | D:7      | Found a flagged portal.
  5894 | Bailey   | Entered a bailey
  5969 | Bailey   | Noticed a gargoyle
  5991 | Bailey   | Killed a gargoyle
  5992 | Bailey   | Reached skill level 10 in Spellcasting
  5992 | Bailey   | Reached skill level 10 in Conjurations
  5992 | Bailey   | Reached skill level 10 in Hexes
  5992 | Bailey   | Reached skill level 10 in Summonings
  5992 | Bailey   | Reached skill level 10 in Necromancy
  5992 | Bailey   | Reached skill level 10 in Translocations
  5992 | Bailey   | Reached skill level 10 in Transmutations
  5992 | Bailey   | Reached skill level 10 in Fire Magic
  5992 | Bailey   | Reached skill level 10 in Ice Magic
  5992 | Bailey   | Reached skill level 10 in Air Magic
  5992 | Bailey   | Reached skill level 10 in Earth Magic
  5992 | Bailey   | Reached skill level 10 in Poison Magic
  6189 | Bailey   | Reached XP level 10. HP: 47/60 MP: 0/0
  6676 | Bailey   | Identified the +0 leather armour "Desmohet" {Rampage rPois}
  6746 | Bailey   | Identified the +1 leather armour of Lilacs {+Blink +Inv
                  | rC++ Int-4}
  6988 | D:7      | Found a shimmering altar of Xom.
  6999 | D:7      | Noticed Maggie
  7005 | D:7      | Killed Maggie
  8039 | D:8      | Found an iron altar of Okawaru.
  8054 | D:8      | Found Mableank's CLEARANCE SALE!.
  8205 | D:8      | Reached XP level 11. HP: 51/65 MP: 0/0
  8205 | D:8      | Learned a level 4 spell: Dispel Undead
  8779 | D:8      | Found a staircase to the Lair.
  9384 | D:9      | Found a blossoming altar of Fedhas.
  9478 | D:9      | Found a glowing silver altar of Zin.
 10071 | D:9      | Found a sacrificial altar of Ru.
 10073 | D:9      | Found a glowing golden altar of the Shining One.
 10334 | D:10     | Entered Level 10 of the Dungeon
 10441 | D:10     | Found Fiowiwk Doxu's Jewellery Shop.
 10452 | D:10     | Found Hodej's Weapon Shop.
 10474 | D:10     | HP: 3/65 [yak (10)]
 11192 | D:10     | Found Ixenwaor's Antique Armour Emporium.
 11216 | D:10     | Bought an encrusted robe for 182 gold pieces
 11216 | D:10     | Identified the +0 robe "Kyfok" {Will+ Regen+} (You bought
                  | it in a shop on level 10 of the Dungeon)
 11216 | D:10     | Bought a pitted robe for 182 gold pieces
 11216 | D:10     | Identified the +1 robe "Gaqed" {Int+5 Stlth+} (You bought
                  | it in a shop on level 10 of the Dungeon)
 11216 | D:10     | Bought a glowing cloak for 240 gold pieces
 11253 | D:10     | Found Urruh's Jewellery Shop.
 11658 | D:11     | Noticed a skeletal warrior
 11658 | D:11     | Noticed a skeletal warrior
 11659 | D:11     | Noticed a skeletal warrior
 11712 | D:11     | Noticed Grum
 12343 | Lair:1   | Entered Level 1 of the Lair of Beasts
 12378 | Lair:1   | Reached XP level 12. HP: 50/70 MP: 0/0
 12895 | Lair:1   | Noticed Gastronok
 12913 | Lair:1   | Killed Gastronok
 13531 | Lair:1   | Reached skill level 15 in Spellcasting
 13531 | Lair:1   | Reached skill level 15 in Conjurations
 13531 | Lair:1   | Reached skill level 15 in Hexes
 13531 | Lair:1   | Reached skill level 15 in Summonings
 13531 | Lair:1   | Reached skill level 15 in Necromancy
 13531 | Lair:1   | Reached skill level 15 in Translocations
 13531 | Lair:1   | Reached skill level 15 in Transmutations
 13531 | Lair:1   | Reached skill level 15 in Fire Magic
 13531 | Lair:1   | Reached skill level 15 in Ice Magic
 13531 | Lair:1   | Reached skill level 15 in Air Magic
 13531 | Lair:1   | Reached skill level 15 in Earth Magic
 13531 | Lair:1   | Reached skill level 15 in Poison Magic
 13915 | Lair:2   | Noticed a five-headed hydra
 13932 | Lair:2   | Noticed a ghost crab
 13936 | Lair:2   | Reached XP level 13. HP: 7/75 MP: 0/0
 13936 | Lair:2   | Learned a level 5 spell: Yara's Violent Unravelling
 13988 | Lair:2   | HP: 2/75 [five-headed hydra (2)]
 13997 | Lair:2   | Noticed an eight-headed hydra
 14021 | Lair:2   | Slain by an eight-headed hydra

Illustrated notes

Levels and vault maps discovered:
D:1:      evilmike_arrival_plus, layout_rooms, serial_shops,
          nicolae_shop_just_a_little_nook, st_stairs_8
D:2:      layout_basic, shapermc_ecumenical_altar_acropolis, uniq_natasha
D:3:      layout_basic, grunt_gozag_statues, uniq_grinder, uniq_robin
D:4:      layout_loops_ring, nzn_wu_jian_council_hall, minmay_misc_feat_hallway,
          corexii_corridor_pit, uniq_eustachio, uniq_duvessa
D:5:      layout_rooms
D:6:      layout_layer_cave, mainiacjoe_overflow_alcove_1,
          minmay_temple_entry_stoned_glass, serial_shops, shop,
          amcnicky_mini_corridor_feature, kennysheep_cross_room
D:7:      layout_loops_ring, xom_teletrap_fun, enter_bailey_5,
          minmay_misc_feat_plants, uniq_maggie
D:8:      layout_loops_ring, okawaru_gym_becter, david_lair_shrubbed,
          nicolae_shop_clearance
D:9:      layout_irregular_city, nicolae_overflow_hidden_temple, zin_academy,
          dk_noncrumbling_2
D:10:     layout_irregular_city, serial_shops, nicolae_shop_crystal,
          nicolae_shop_overgrown_old_shop, shop, shop
D:11:     layout_cave_pools, kennysheep_orc_monster_closet_entryway, uniq_grum
Temple:   chequers_temple_sunken
Lair:1:   layout_regular_city, uniq_gastronok
Lair:2:   layout_hall_layers, nicolae_swamp_entry_spooky,
          minmay_snake_entry_guardpost_small, nicolae_volcano_entry_hallway,
          serial_bayou_lake_a

Skill      XL: |  1  2  3  4  5  6  7  8  9 10 11 12 |
---------------+-------------------------------------+-----
Spellcasting   | 4 5 7 8 10 12 13 15 | 15.6
Conjurations   | 4 5 7 8 10 12 13 15 | 15.6
Hexes          | 4 5 7 8 10 12 13 15 | 15.6
Summonings     | 4 5 7 8 10 12 13 15 | 15.6
Necromancy     | 4 5 7 8 10 12 13 15 | 15.6
Translocations | 4 5 7 8 10 12 13 15 | 15.6
Transmutations | 4 5 7 8 10 12 13 15 | 15.6
Fire Magic     | 4 5 7 8 10 12 13 15 | 15.6
Ice Magic      | 4 5 7 8 10 12 13 15 | 15.6
Air Magic      | 4 5 7 8 10 12 13 15 | 15.6
Earth Magic    | 4 5 7 8 10 12 13 15 | 15.6
Poison Magic   | 4 5 7 8 10 12 13 15 | 15.6
Dodging        | |  2.1
Stealth        | |  1.5

Action                     |  1- 3 |  4- 6 |  7- 9 | 10-12 | 13-15 || total
---------------------------+-------+-------+-------+-------+-------++-------
  Melee: Unarmed           |       |       |       |     1 |       ||     1
   Cast: Foxfire           |    49 |    73 |   115 |   254 |     9 ||   500
         Scorch            |       |     9 |    71 |   209 |     8 ||   297
         Call Canine Famil |       |       |    34 |    70 |     2 ||   106
         Teleport Other    |       |       |     1 |       |       ||     1
         Flame Wave        |       |       |       |     4 |     2 ||     6
    Use: Scroll            |       |       |    11 |     7 |     1 ||    19
         Potion            |       |       |       |     3 |     1 ||     4
 Armour: Robe              |     2 |     6 |    11 |    49 |    19 ||    87
         Acid dragon scale |       |       |       |    31 |       ||    31
  Dodge: Dodged            |     4 |    14 |    13 |    62 |    14 ||   107

Table legend: (Time is in decaauts)
 A = Elapsed time spent in this place.
 B = Non-inter-level travel time spent in this place.
 C = Inter-level travel time spent in this place.
 D = Time resting spent in this place.
 E = Time spent auto-exploring this place.
 F = Levels seen in this place.
 G = Mean time per level.
                   A        B        C        D        E       F      G
               +--------+--------+--------+--------+--------+-----+--------+
         Total |  14036 |  12777 |   1259 |   1248 |   9346 |  15 |  935.7 |
       Dungeon |  11451 |  10221 |   1230 |    822 |   7945 |  11 | 1041.0 |
        Temple |      1 |      1 |      0 |      0 |      0 |   1 |    1.0 |
          Lair |   1683 |   1656 |     27 |    424 |    735 |   2 |  841.5 |
        Bailey |    900 |    900 |      0 |      2 |    666 |   1 |  900.0 |
               +--------+--------+--------+--------+--------+-----+--------+

Top non-repeatable levels by time:
     D:8: 1635 daAuts
    D:10: 1549 daAuts
     D:6: 1486 daAuts
  Lair:1: 1422 daAuts
     D:7: 1307 daAuts
     D:4: 1232 daAuts
     D:3: 1125 daAuts
     D:9: 1017 daAuts
  Bailey: 900 daAuts
     D:5: 875 daAuts
     D:1: 671 daAuts
     D:2: 545 daAuts
  Lair:2: 260 daAuts
    D:11: 3 daAuts
  Temple: 1 daAuts
